 Dungeon Crawl Stone Soup version 0.22.1-2-g9c5b331 (webtiles) character file.

13799 HoaS the Grappler (level 12, -4/115 HPs)
             Began as a Gargoyle Berserker on Dec 28, 2018.
             Was a High Priest of Trog.
             Killed from afar by Frances (31 damage)
             ... with an iron shot
             ... on level 12 of the Dungeon.
             The game lasted 00:40:24 (12542 turns).

HoaS the Grappler (Gargoyle Berserker)             Turns: 12542, Time: 00:40:25

Health: -4/115     AC: 42    Str: 26    XL:     12   Next: 9%
Magic:  12/12      EV: 11    Int:  9    God:    Trog [*****.]
Gold:   304        SH:  0    Dex: 13    Spells: 11/11 levels left

rFire    . . .     SeeInvis .     - Unarmed
rCold    . . .     Gourm    .   (no shield)
rNeg     + . .     Faith    .   t - +10 plate armour "Gagofe Adias" {rElec}
rPois    ∞         Spirit   .   k - +2 helmet
rElec    +         Reflect  .   i - +1 cloak
rCorr    .         Harm     .   (no gloves)
MR       ++...                  o - +2 pair of boots
Stlth    ..........             (no amulet)
HPRegen  1.29/turn              (no ring)
MPRegen  0.13/turn              (no ring)

@: berserking, regenerating, very quick
A: negative energy resistance 1, electricity resistance, unbreathing,
petrification resistance, rot immunity, AC +8
a: Berserk, Trog's Hand, Brothers in Arms, Renounce Religion


You were on level 12 of the Dungeon.
You worshipped Trog.
Trog was extremely pleased with you.
You were near starving.

You visited 1 branch of the dungeon, and saw 12 of its levels.
You also visited: Ossuary.

You collected 1435 gold pieces.
You spent 1131 gold pieces at shops.

Inventory:

Armour
 i - a +1 cloak (worn)
 k - a +2 helmet (worn)
 o - a +2 pair of boots (worn)
 t - the +10 plate armour "Gagofe Adias" (worn) {rElec}
   (You bought it in a shop on level 6 of the Dungeon)

   It insulates you from electricity.
Jewellery
 d - an uncursed ring of fire
 y - a +1 ring of evasion {unknown}
 B - an uncursed ring of ice
Wands
 q - a wand of clouds (3)
 s - a wand of flame (38)
 w - a wand of digging (14)
 x - a wand of acid (7)
Scrolls
 a - 4 scrolls of fog
 g - 4 scrolls of teleportation
 n - 2 scrolls of identify
 u - 2 scrolls of blinking
 v - 5 scrolls of remove curse
Potions
 c - 4 potions of curing
 e - 3 potions of heal wounds
 f - 3 potions of mutation
 h - 4 potions of haste
 l - 2 potions of lignification
 m - 2 potions of agility
 p - a potion of invisibility
 r - a potion of ambrosia
 z - a potion of experience {unknown}
 A - 2 potions of flight
Comestibles
 b - 23 rations
 j - 16 chunks of flesh


   Skills:
 + Level 10.0 Fighting
 + Level 9.7 Armour
 + Level 7.4 Dodging
 * Level 12.3 Unarmed Combat


You had 11 spell levels left.
You didn't know any spells.
Your spell library was empty.

Dungeon Overview and Level Annotations

Branches:
Dungeon (12/15)            Temple (0/1) D:6            Lair (0/6) D:9
    Orc (0/2) D:11

Altars:
Ashenzari
Dithmenos
Fedhas
Gozag
Nemelex Xobeh
Okawaru
Uskayaw

Shops:
D:6 !*%[[   D:9 =

Annotations:
D:12 Frances


Innate Abilities, Weirdness & Mutations

You are resistant to torment.
Your stone body is resilient. (AC +8)
You are immune to poison.
You resist negative energy. (rN+)
You are resistant to electric shocks. (rElec)
You can survive without breathing.
You are immune to petrification.
You are immune to rotting.


Message History

You feel resistant to hostile enchantments.
You are feeling hungry.
Some of the chunks of flesh in your inventory have rotted away.
Frances chants phrases taken from a devil's mouth.
The iron shot hits you!
Ouch! That really hurt!
Frances completely misses you.
Frances screams a word of power!
The shard of ice hits you!
* * * LOW HITPOINT WARNING * * *
A red film seems to cover your vision as you go berserk!
You feel yourself moving faster!
You feel mighty!
You are near starving!
Frances barely misses you. Frances closely misses you.
You closely miss Frances. You hit Frances.
Frances is lightly wounded.
Frances mutters in a terrible tongue.
The iron shot hits you!
You die...

#.........#
###.........#
.#####...........#
.................#
.................###
...................#
...................#
.........@@.)......#
......########)).....#
.... #......'().....#
#####...
#.....@#)).....#
......#
#......#....####
......# .......#....#
......# .......#(.(.#
......# .......#....#
.....># .......#....#


You could see Frances.

Vanquished Creatures
  Fannar (D:12)
  A two-headed ogre (D:12)
  Urug (D:11)
  Pikel (D:4)
  A deep elf mage (D:8)
  An elephant (D:9)
  A gargoyle (D:11)
  2 komodo dragons (D:11)
  A troll (D:11)
  A hornet (D:8)
  4 hippogriffs
  A shadow (D:11)
  8 yaks
  2 wyverns (D:10)
  Eustachio (D:4)
  A hungry ghost (D:7)
  2 basilisks (D:9)
  Menkaure (D:4)
  3 orc warriors
  5 phantoms
  3 black bears
  3 ice beasts
  A necrophage (D:6)
  6 ogres
  10 centaurs
  A big kobold (D:12)
  Blork the orc (D:4)
  2 elf zombies
  5 bullfrogs
  An elf skeleton (D:5)
  3 scorpions
  3 killer bees (D:8)
  9 wights
  2 howler monkeys (D:9)
  2 electric eels (D:5)
  5 crimson imps
  2 bullfrog zombies
  3 centaur zombies
  A quasit (D:10)
  7 hounds
  A jelly (D:10)
  2 human zombies (Ossuary)
  6 orc priests
  Crazy Yiuf (D:4)
  17 orc wizards
  3 bullfrog skeletons
  2 iguanas
  3 human skeletons (D:5)
  11 worker ants
  2 big kobold zombies (Ossuary)
  2 hound zombies
  2 hound skeletons (D:4)
  3 mummies (Ossuary)
  Robin (D:2)
  4 gnolls
  14 adders
  4 shadow imps
  An ooze (D:4)
  5 adder zombies
  2 adder skeletons (D:4)
  A worm (D:2)
  A dart slug (D:1)
  11 leopard geckos
  59 orcs
  A ball python (D:4)
  10 bats
  8 giant cockroaches
  14 goblins
  12 hobgoblins
  5 jackals
  7 kobolds
  6 quokkas
  A ball python skeleton (D:5)
  8 frilled lizards
  5 goblin zombies (Ossuary)
  5 hobgoblin zombies (Ossuary)
  2 jackal zombies (Ossuary)
  3 kobold zombies (Ossuary)
  A leopard gecko skeleton (D:4)
  An orc skeleton (D:5)
  3 orc zombies (Ossuary)
  4 quokka zombies
  11 rats
  3 rat zombies (Ossuary)
377 creatures vanquished.

Notes
Turn   | Place    | Note
-------+----------+-------------------------------------------
     0 | D:1      | HoaS the Gargoyle Berserker began the quest for the Orb.
     0 | D:1      | Reached XP level 1. HP: 14/14 MP: 1/1
   134 | D:1      | Reached XP level 2. HP: 19/19 MP: 2/2
   419 | D:1      | Reached XP level 3. HP: 18/23 MP: 3/3
   954 | D:2      | Reached ** piety under Trog
   995 | D:2      | Found a shattered altar of Ashenzari.
  1051 | D:2      | Reached XP level 4. HP: 13/29 MP: 4/4
  1341 | D:2      | Found a faded altar of an unknown god.
  1341 | D:2      | Noticed Robin
  1412 | D:2      | Reached skill level 4 in Unarmed Combat
  1918 | D:2      | Killed Robin
  1972 | D:3      | Reached XP level 5. HP: 32/33 MP: 5/5
  2010 | D:3      | Found an iron altar of Okawaru.
  2102 | D:3      | Reached XP level 6. HP: 36/38 MP: 6/6
  2206 | D:3      | Reached *** piety under Trog
  2409 | D:3      | Found a shadowy altar of Dithmenos.
  2410 | D:3      | Found a hide-covered altar of Uskayaw.
  2597 | D:4      | Reached skill level 5 in Unarmed Combat
  2679 | D:4      | Noticed a phantom
  2692 | D:4      | Reached XP level 7. HP: 42/44 MP: 7/7
  2902 | D:3      | Reached skill level 5 in Fighting
  3223 | D:4      | Reached skill level 6 in Unarmed Combat
  3229 | D:4      | Reached XP level 8. HP: 19/49 MP: 8/8
  3507 | D:4      | Noticed Blork the orc
  3519 | D:4      | Killed Blork the orc
  3600 | D:4      | Reached **** piety under Trog
  3722 | D:4      | Noticed Pikel
  3733 | D:4      | Killed Pikel
  3733 | D:4      | Reached skill level 5 in Armour
  3733 | D:4      | Reached skill level 7 in Unarmed Combat
  3927 | D:4      | Noticed Menkaure
  3952 | D:4      | Killed Menkaure
  3952 | D:4      | Reached XP level 9. HP: 39/56 MP: 9/9
  4186 | D:4      | Found a runed door.
  4277 | D:4      | Noticed Eustachio
  4338 | D:4      | Killed Eustachio
  4632 | D:4      | Noticed Crazy Yiuf
  4637 | D:4      | Killed Crazy Yiuf
  4640 | D:4      | Got a crystal mace
  4714 | D:5      | Entered Level 5 of the Dungeon
  4723 | D:5      | Reached skill level 8 in Unarmed Combat
  4899 | D:5      | Found a sand-covered staircase.
  4909 | Ossuary  | Entered an ossuary
  5175 | Ossuary  | Reached ***** piety under Trog
  5306 | D:5      | Found a sparkling altar of Nemelex Xobeh.
  5483 | D:5      | Reached skill level 5 in Dodging
  5492 | D:5      | Found a transporter.
  5494 | D:5      | Found a transporter.
  6109 | D:6      | Found Lezxoi Joutz's Armour Emporium.
  6135 | D:6      | Found a blossoming altar of Fedhas.
  6187 | D:6      | Reached skill level 9 in Unarmed Combat
  6223 | D:6      | Found Owoawoel's Distillery.
  6292 | D:6      | Found Godamouh's Assorted Antiques.
  6363 | D:6      | Found a staircase to the Ecumenical Temple.
  6474 | D:6      | Found Bem Wedee's Armour Shoppe.
  6506 | D:6      | Found Idiruwet's Food Shoppe.
  6601 | D:6      | Reached XP level 10. HP: 63/63 MP: 10/10
  7258 | D:7      | Identified a scroll of acquirement
  8005 | D:8      | Reached skill level 10 in Unarmed Combat
  8188 | D:8      | Received a gift from Trog
  8392 | D:8      | Found a shattered altar of Ashenzari.
  8392 | D:8      | Noticed a deep elf mage
  8407 | D:8      | Killed a deep elf mage
  8917 | D:9      | Found a staircase to the Lair.
  8917 | D:9      | Noticed an elephant
  8964 | D:8      | Reached XP level 11. HP: 67/69 MP: 11/11
  8992 | D:9      | Reached skill level 11 in Unarmed Combat
  9128 | D:9      | Found a shattered altar of Ashenzari.
  9373 | D:9      | Found Qipat's Jewellery Shop.
  9549 | D:10     | Entered Level 10 of the Dungeon
 10462 | D:6      | Bought the +10 plate armour "Gagofe Adias" {rElec} for 1131
                  | gold pieces
 11042 | D:11     | Noticed Urug
 11072 | D:11     | Killed Urug
 11793 | D:11     | Found a staircase to the Orcish Mines.
 12118 | D:11     | Found an opulent altar of Gozag.
 12276 | D:12     | Noticed Fannar
 12317 | D:12     | Killed Fannar
 12317 | D:12     | Reached skill level 12 in Unarmed Combat
 12429 | D:12     | Noticed a two-headed ogre
 12437 | D:12     | Killed a two-headed ogre
 12437 | D:12     | Reached skill level 10 in Fighting
 12437 | D:12     | Reached XP level 12. HP: 77/77 MP: 12/12
 12526 | D:12     | Noticed Frances
 12542 | D:12     | Killed from afar by Frances

Skill      XL: |  1  2  3  4  5  6  7  8  9 10 11 |
---------------+----------------------------------+-----
Dodging        | 2 3 4 5 6 7 |  7.4
Armour         | 3 4 5 7 8 9 |  9.7
Unarmed Combat | 4 5 6 7 9 10 12 | 12.3
Fighting       | 4 5 6 7 8 10 | 10.0

Action                   |  1- 3 |  4- 6 |  7- 9 | 10-12 || total
-------------------------+-------+-------+-------+-------++-------
Melee: Unarmed           |   140 |   241 |   611 |   716 ||  1708
       Punch             |     1 |     3 |    19 |    35 ||    58
Invok: Trog's Hand       |       |     2 |     2 |     3 ||     7
       Berserk           |       |     1 |     2 |     2 ||     5
Evoke: Wand              |       |       |       |     3 ||     3
  Use: Scroll            |     4 |     5 |    10 |    10 ||    29
       Potion            |       |       |     2 |       ||     2
 Stab: Sleeping          |     1 |       |       |       ||     1
  Eat: Chunk             |     1 |     7 |    13 |    22 ||    43
       Ration            |       |       |     1 |       ||     1
Armor: Animal skin       |     8 |       |       |       ||     8
       Ring mail         |    67 |    94 |       |       ||   161
       Chain mail        |       |    18 |   571 |   318 ||   907
       Plate armour      |       |       |       |   150 ||   150
Dodge: Dodged            |    91 |   121 |   361 |   388 ||   961
